 Dungeon Crawl Stone Soup version 0.31-a0-844-gdc52ec4e09 (webtiles) character file.

Game seed: 10417541227936455272

10386 arthad the Thaumaturge (level 11, -6/60 HPs)
             Began as a Deep Elf Fire Elementalist on Sept 30, 2023.
             Was a Follower of Vehumet.
             Killed by an exploding quasit (20 damage)
             ... ignited by their inner flame
             ... on level 11 of the Dungeon.
             The game lasted 00:35:25 (13670 turns).

arthad the Thaumaturge (DEFE)                      Turns: 13670, Time: 00:35:25

Health: -6/60      AC: 11    Str:  5    XL:     11   Next: 35%
Magic:  25/27      EV: 17    Int: 25    God:    Vehumet [*.....]
Gold:   751        SH:  0    Dex: 18    Spells: 13/31 levels left

rFire   . . .        j - +1 dagger (freeze)
rCold   + . .        L - orb {*channel}
rNeg    + . .        R - +0 steam dragon scales
rPois   .            T - +2 helmet
rElec   .            (no cloak)
rCorr   +            S - +0 pair of gloves
SInv    .            g - +0 pair of boots
Will    +....        K - amulet of magic regeneration
Stlth   ++++         p - ring of Cymeedup {Fly rC+ rN+ rCorr Dex+3}
HPRegen 0.30/turn    (no ring)
MPRegen 0.60/turn

%: channel magic (20%)
@: flying, studying 2 skills
A: no striking features
a: Renounce Religion


You were on level 11 of the Dungeon.
You worshipped Vehumet.
Vehumet was aware of your devotion.
You visited 2 branches of the dungeon, and saw 12 of its levels.
You also visited: Ossuary.

You collected 751 gold pieces.

Inventory:

Hand Weapons
 i - a +5 hand axe of freezing
 j - a +1 dagger of freezing (weapon)
 C - a +3 dagger of holy wrath
 D - a +1 war axe of freezing
 M - a +3 dagger
 N - a +4 mace of freezing
 Y - a +2 scimitar of flaming
Missiles
 q - 3 throwing nets
 r - 3 atropa-tipped darts
 s - 8 boomerangs
 A - 17 poisoned darts
Armour
 a - a +0 troll leather armour
 g - a +0 pair of boots (worn)
 L - an orb of energy (worn)
 O - a +0 buckler
 R - +0 steam dragon scales (worn)
 S - a +0 pair of gloves (worn)
 T - a +2 helmet (worn)
 W - +0 acid dragon scales
 Z - a +0 kite shield
Jewellery
 p - the ring of Cymeedup (left hand) {Fly rC+ rN+ rCorr Dex+3}
   (You took it off a kobold on level 2 of the Dungeon)

   [ring of positive energy]

   Dex+3:     It affects your dexterity (+3).
   rC+:       It protects you from cold.
   rN+:       It protects you from negative energy.
   Fly:       It grants you flight.
   rCorr:     It protects you from acid and corrosion.
 K - an amulet of magic regeneration (around neck)
 Q - the ring "Binlygej" {Ice MP+9}
   (You took it off a wight on level 8 of the Dungeon)

   [ring of ice]

   Ice:       It enhances your ice magic.
   rF-:       It makes you vulnerable to fire.
   rC+:       It protects you from cold.
   MP+9:      It affects your magic capacity (+9).
 X - an amulet of guardian spirit
Wands
 y - a wand of light (3)
 B - a wand of flame (7)
 V - a wand of digging (4)
Scrolls
 c - 4 scrolls of teleportation
 d - 4 scrolls of vulnerability
 f - 5 scrolls of enchant armour
 l - 2 scrolls of noise
 n - a scroll of fear
 o - a scroll of butterflies
 t - a scroll of blinking
 w - a scroll of enchant weapon {unknown}
 F - a scroll of fog {unknown}
 J - a scroll of silence {unknown}
 P - 5 scrolls of poison
 U - 2 scrolls of immolation {unknown}
Potions
 b - a potion of magic
 e - 2 potions of resistance {unknown}
 h - 3 potions of enlightenment
 k - a potion of invisibility {unknown}
 m - a potion of lignification {unknown}
 u - a potion of degeneration {unknown}
 v - 2 potions of berserk rage
 x - 2 potions of curing
 z - a potion of brilliance {unknown}
 E - 2 potions of might {unknown}
 G - a potion of attraction {unknown}
 H - 5 potions of heal wounds {unknown}
 I - 3 potions of ambrosia {unknown}


   Skills:
 + Level 3.1 Fighting
 + Level 3.1 Armour
 + Level 8.4 Dodging
 + Level 9.3 Stealth
 * Level 3.3 Shields
 * Level 10.6 Spellcasting
 * Level 8.6 Conjurations
 * Level 9.2 Fire Magic
 + Level 0.0 Earth Magic


You had 13 spell levels left.
You knew the following spells:

 Your Spells              Type           Power      Damage    Failure   Level
a - Foxfire               Conj/Fire      100%       2x1d9     1%          1
b - Scorch                Fire           100%       2d9       1%          2
c - Inner Flame           Hex/Fire       36%        N/A       8%          3
d - Volatile Blastmotes   Fire/Tloc      72%        2d16      8%          3
e - Flame Wave            Conj/Fire      55%        2d13      5%          4
f - Sticky Flame          Conj/Fire      55%        2d7       5%          4
g - Sandblast             Erth           26%        2d8       14%         1

Your spell library contained the following spells:

 Spells                   Type           Power      Damage    Failure   Level
 Kiss of Death            Conj/Necr      100%       2d13      4%          1
 Shock                    Conj/Air       100%       1d9       4%          1
 Summon Small Mammal      Summ           52%        N/A       14%         1
 Call Canine Familiar     Summ           13%        N/A       32%         3
 Confusing Touch          Hex            13%        N/A       32%         3
 Summon Guardian Golem    Hex/Summ       13%        N/A       32%         3
 Swiftness                Air            13%        N/A       32%         3
 Airstrike                Air            6%         2d(1-17)  65%         4
 Dispel Undead            Necr           13%        3d9       65%         4


Dungeon Overview and Level Annotations

Branches:
Dungeon (11/15)            Temple (1/1) D:7            Lair (0/5) D:8
    Orc (0/2) D:10        Ossuary (visited)

Altars:
Ashenzari
Cheibriados
Dithmenos
Elyvilon
Fedhas
Gozag
Hepliaklqana
Kikubaaqudgha
Makhleb
Nemelex Xobeh
Okawaru
Qazlal
Ru
Sif Muna
Trog
Uskayaw
Vehumet
Wu Jian
Xom
Yredelemnul
Zin
The Shining One

Shops:
D:4 *   D:7 (   D:8 (   D:11 (

Annotations:
D:10 4 runed translucent doors
Temple 2 transporters


Message History

Casting: Flame Wave (dangerous; 5% risk of failure)
Confirm with . or Enter, or press ? or * to list all spells.
Flames lash the boulder beetle.
The boulder beetle is lightly wounded.
The boulder beetle's fire resistance burns away.
Magical energy flows into your mind! The quasit barely misses you.
The quasit closely misses you. x2
The boulder beetle curls into a ball and begins rolling!
The quasit misses you. The quasit closely misses you. x2
Casting: Scorch (safe; 1% risk of failure)
Confirm with . or Enter, or press ? or * to list all spells.
Casting: Flame Wave (dangerous; 5% risk of failure)
Press: ? - help, Dir - look around, f - activate A wave of flame ripples out!
The flame wave engulfs the quasit but does no damage.
The quasit is moderately wounded. (Press . to intensify the flame waves.) Magical energy flows into your mind!
The boulder beetle hits you!!!
Ouch! That really hurt!
* * * LOW HITPOINT WARNING * * *
The boulder beetle stops rolling and uncurls.
The quasit closely misses you. x2
The quasit claws you but does no damage.
A wave of flame ripples out!
The flame wave engulfs the boulder beetle!
The boulder beetle is burned terribly!
The boulder beetle is lightly wounded.
The flame wave engulfs the quasit!
The quasit resists.
Flame seeps out of the quasit.
The quasit is almost dead.
The flame wave engulfs the shadow imp!
You kill the shadow imp!
The shadow imp disappears in a puff of smoke!
The flame wave engulfs the kobold demonologist!
The kobold demonologist is heavily wounded.
The quasit is engulfed in blazing flames.
The quasit disappears in a puff of smoke!
The quasit explodes!
The fiery explosion engulfs you!!
You die...

## ###
##.# ##.#
##...#####
#...
##........
##..
.........
#..
........##
#..
#..§K##
##.
#...B§##
#.
#..#○@.#
#.
#..##..##
#.
#..###..##
## ###..#
##..## #
##.#..#
##..## #
##..#..#
##..# #
##.....##
##.## #
#......##
##.## #
##.......#
##.##


You could see a boulder beetle (combustible) and a kobold demonologist.

Vanquished Creatures
  A two-headed ogre (D:10)
  A cyclops (D:10)
  Jeremiah (D:6)
  A gargoyle (D:9)
  An unseen horror (D:10)
  An efreet (D:10)
  2 trolls
  Prince Ribbit (D:5)
  Sigmund (D:3)
  A slime creature (D:10)
  2 shadows
  A wyvern (D:9)
  A wraith (D:10)
  13 yaks
  Grum (D:9)
  Menkaure (D:5)
  A steam dragon (D:8)
  An acid dragon (D:9)
  Duvessa (D:5)
  A black bear (D:5)
  3 orc warriors
  4 sky beasts
  3 centaurs
  3 ogres
  4 wolves (D:9)
  3 bullfrogs
  2 kobold brigands
  A gnoll sergeant (D:10)
  7 scorpions
  14 wights
  Dowan (D:5)
  3 killer bees (D:7)
  3 howler monkeys
  5 jellies
  5 orc priests
  2 sleepcaps
  3 hounds
  2 iguanas (D:7)
  Jessica (D:3)
  Natasha (twice) (D:2)
  5 orc wizards
  A mummy (Ossuary)
  5 adders
  4 gnolls (D:2)
  A shadow imp (D:6)
  2 white imps
  An ufetubus (D:7)
  3 worms
  A dart slug (D:3)
  27 orcs
  2 spectral bats (Ossuary)
  8 ball pythons
  3 bats
  10 endoplasms (D:4)
  2 giant cockroaches
  12 gnoll zombies (Ossuary)
  6 goblins
  6 hobgoblins
  16 jackals (D:1)
  3 quokkas
  3 training dummies (D:7)
  3 bat simulacra (Ossuary)
  3 frilled lizards
  3 goblin simulacra (Ossuary)
  6 goblin zombies (Ossuary)
  5 hobgoblin zombies (Ossuary)
  17 kobolds
  5 kobold simulacra (Ossuary)
  5 kobold zombies (Ossuary)
  2 orc zombies (Ossuary)
  6 rats
  2 rat simulacra (Ossuary)
  2 spectral goblins (Ossuary)
  A spectral kobold (Ossuary)
  6 spectral rats (Ossuary)
292 creatures vanquished.

Vanquished Creatures (collateral kills)
  A foxfire (D:4)
1 creature vanquished.

Vanquished Creatures (others)
  985 foxfires
985 creatures vanquished.

Grand Total: 1278 creatures vanquished

Notes
Turn   | Place    | Note
-------+----------+-------------------------------------------
     0 | D:1      | arthad the Deep Elf Fire Elementalist began the quest for
                  | the Orb.
     0 | D:1      | Reached XP level 1. HP: 10/10 MP: 6/6
   338 | D:1      | Reached XP level 2. HP: 13/15 MP: 1/8
   788 | D:1      | Reached XP level 3. HP: 19/19 MP: 4/9
  1645 | D:2      | You fall into a shaft and drop 1 floor!
  1650 | D:3      | Noticed Jessica
  1657 | D:3      | Learned a level 2 spell: Scorch
  1661 | D:3      | Learned a level 3 spell: Inner Flame
  1665 | D:3      | Learned a level 3 spell: Volatile Blastmotes
  1670 | D:3      | Reached XP level 4. HP: 24/24 MP: 7/11
  1687 | D:3      | Killed Jessica
  1767 | D:3      | Found a faded altar of an unknown god.
  1808 | D:3      | Reached skill level 4 in Spellcasting
  1815 | D:3      | Reached XP level 5. HP: 28/28 MP: 4/13
  2327 | D:2      | Noticed Natasha
  2330 | D:2      | Killed Natasha
  2349 | D:2      | Identified the ring of Cymeedup {Fly rC+ rN+ rCorr Dex+3}
  2737 | D:2      | Noticed Natasha
  2741 | D:2      | Killed Natasha
  3627 | D:3      | Noticed Sigmund
  3636 | D:3      | Killed Sigmund
  3637 | D:3      | Reached skill level 5 in Spellcasting
  3637 | D:3      | Reached XP level 6. HP: 20/32 MP: 5/15
  4114 | D:4      | Reached XP level 7. HP: 36/36 MP: 10/16
  4214 | D:4      | Learned a level 4 spell: Flame Wave
  4307 | D:4      | Found a sand-covered staircase.
  4312 | Ossuary  | Entered an ossuary
  4494 | Ossuary  | Reached skill level 5 in Stealth
  4496 | Ossuary  | Reached skill level 5 in Fire Magic
  5570 | D:4      | Found a bloodstained altar of Trog.
  5729 | D:4      | Found Hiyj Gux's Elemental Accessories.
  5855 | D:4      | Found a shadowy altar of Dithmenos.
  6025 | D:4      | Reached skill level 5 in Dodging
  6175 | D:5      | Entered Level 5 of the Dungeon
  6175 | D:5      | Noticed Duvessa
  6178 | D:5      | Noticed Dowan
  6182 | D:5      | Killed Duvessa
  6182 | D:5      | Noticed Menkaure
  6183 | D:5      | Reached skill level 6 in Spellcasting
  6186 | D:5      | Killed Dowan
  6187 | D:5      | Killed Menkaure
  6188 | D:5      | Reached XP level 8. HP: 24/41 MP: 1/19
  6511 | D:5      | Learned a level 4 spell: Sticky Flame
  6559 | D:5      | Noticed Prince Ribbit
  6563 | D:5      | Reached skill level 5 in Conjurations
  6571 | D:5      | Killed Prince Ribbit
  6572 | D:5      | Reached skill level 7 in Spellcasting
  7159 | D:5      | Reached XP level 9. HP: 42/45 MP: 13/22
  7524 | D:6      | Noticed Jeremiah
  7546 | D:6      | Killed Jeremiah
  7547 | D:6      | Reached skill level 8 in Spellcasting
  7899 | D:6      | Reached skill level 1 in Fighting
  7899 | D:6      | Reached skill level 1 in Armour
  8750 | D:7      | Found a shimmering blue altar of Sif Muna.
  8845 | D:7      | Found a staircase to the Ecumenical Temple.
  8879 | Temple   | Found a transporter.
  8879 | Temple   | Found a transporter.
  8879 | Temple   | Found a transporter.
  8879 | Temple   | Found a transporter.
  8879 | Temple   | Entered the Ecumenical Temple
  8894 | Temple   | Became a worshipper of Vehumet
  8989 | D:7      | Found Kam Nice's Firing Range.
  9358 | D:7      | Reached skill level 9 in Spellcasting
  9366 | D:7      | Reached XP level 10. HP: 46/52 MP: 8/25
 10208 | D:8      | Identified the ring "Binlygej" {Ice MP+9}
 10479 | D:8      | Found a staircase to the Lair.
 10626 | D:8      | Found Suudwufo's Antique Weapon Emporium.
 11181 | D:9      | Reached skill level 1 in Shields
 11181 | D:9      | Noticed a gargoyle
 11187 | D:9      | Killed a gargoyle
 11250 | D:9      | Noticed Grum
 11261 | D:9      | Killed Grum
 11814 | D:10     | Entered Level 10 of the Dungeon
 11880 | D:10     | Noticed a two-headed ogre
 11885 | D:10     | Killed a two-headed ogre
 11981 | D:10     | Reached skill level 10 in Spellcasting
 12316 | D:10     | Found a large runed translucent door.
 12316 | D:10     | Found a large runed translucent door.
 12318 | D:10     | Found a large runed translucent door.
 12318 | D:10     | Found a large runed translucent door.
 12320 | D:10     | Noticed a red ugly thing
 12340 | D:10     | Reached * piety under Vehumet
 12340 | D:10     | Offered knowledge of Sandblast by Vehumet.
 12360 | D:10     | Reached XP level 11. HP: 57/59 MP: 6/27
 12738 | D:10     | Found an opulent altar of Gozag.
 12798 | D:10     | Found a staircase to the Orcish Mines.
 12966 | D:10     | Found an ornate altar of the Wu Jian Council.
 13434 | D:11     | Found Qeteg's Weapon Emporium.
 13640 | D:11     | Noticed a boulder beetle
 13653 | D:11     | Learned a level 1 spell: Sandblast
 13670 | D:11     | Killed by an exploding quasit... ignited by their inner
                  | flame

Illustrated notes

Levels and vault maps discovered:
D:1:      minmay_arrival_checkered_box, layout_loops_corners
D:2:      layout_rooms, serial_aquarium, aquarium_bridge_square
          [aquarium_subvault_bridge, aquarium_subvault_wall,
          aquarium_subvault_window, aquarium_subvault_bridge],
          aquarium_bridge_long_separate [aquarium_subvault_window,
          aquarium_subvault_bridge, aquarium_subvault_wall,
          aquarium_subvault_bridge, aquarium_subvault_wall,
          aquarium_subvault_window], aquarium_window_1, aquarium_window_2,
          aquarium_window_fake, aquarium_view_2b, aquarium_view_2d,
          aquarium_pool_S, due_unseen_surprise, uniq_crazy_yiuf_cottage,
          uniq_natasha
D:3:      layout_loops_ring, nicolae_ecumenical_snake_handling,
          serial_co_window_serial, co_window_paths_b,
          co_window_of_opportunity_a, co_window_of_opportunity_a,
          co_window_paths_a, co_window_of_opportunity_a, co_window_2corner,
          co_window_paths_c, co_window_of_opportunity_b, co_window_broadway_c,
          co_window_paths_d, co_window_paths_e, glass_columns_b,
          glass_columns_b, glass_columns_c, glass_columns_b, glass_columns_c,
          uniq_jessica, uniq_sigmund
D:4:      cheibrodos_fertilizer, layout_cave_pools, grunt_dithmenos_smoke,
          mainiacjoe_overflow_alcove_2, enter_ossuary_2, nicolae_elemental_shop,
          minmay_distorted
D:5:      minmay_general_purpose_star, layout_basic, uniq_duvessa,
          uniq_prince_ribbit1, uniq_menkaure
D:6:      layout_basic, minmay_misc_feat_rows, uniq_jeremiah
D:7:      layout_basic, mainiacjoe_overflow_surrounded_room,
          minmay_temple_entry_ruins, nicolae_shop_firing_range
D:8:      layout_loops_ring, lair_entry_dummy, serial_shops,
          nicolae_shop_dealshenge
D:9:      layout_basic, uniq_grum
D:10:     layout_rooms, mainiacjoe_overflow_cross_hatched,
          nzn_wu_jian_council_hall, serial_glass, glass_columns_b,
          glass_columns_c, glass_columns_a, glass_columns_a, glass_columns_b,
          glass_columns_b, glass_columns_b, glass_columns_a, glass_columns_a,
          glass_columns_b, kennysheep_nondescript, minmay_hollow_rounded_squares
D:11:     layout_cave_pods, serial_shops, nicolae_shop_bloodbath_and_beyond,
          kennysheep_cross_bottleneck, uniq_snorg
Temple:   hellmonk_temple_divided_pantheon

Skill      XL: |  1  2  3  4  5  6  7  8  9 10 11 |
---------------+----------------------------------+-----
Stealth        | 3 4 6 7 8 9 |  9.3
Dodging        | 3 4 5 6 7 8 |  8.4
Conjurations   | 2 3 4 5 7 8 |  8.6
Spellcasting   | 4 5 6 7 9 10 | 10.6
Fire Magic     | 4 5 6 7 8 9 |  9.2
Fighting       | 1 2 3 |  3.1
Armour         | 1 2 3 |  3.1
Shields        | 2 3 |  3.3

Action                     |  1- 3 |  4- 6 |  7- 9 | 10-12 || total
---------------------------+-------+-------+-------+-------++-------
  Melee: Unarmed           |     4 |       |       |       ||     4
         Dagger            |       |     2 |    10 |     8 ||    20
   Cast: Foxfire           |    86 |    76 |   303 |   113 ||   578
         Scorch            |     1 |    12 |    53 |    43 ||   109
         Volatile Blastmot |       |     1 |     1 |     1 ||     3
         Flame Wave        |       |       |     9 |    20 ||    29
         Sticky Flame      |       |       |       |     6 ||     6
         Inner Flame       |       |       |       |     1 ||     1
  Evoke: Wand              |       |       |       |     4 ||     4
    Use: Scroll            |       |       |     9 |     2 ||    11
         Potion            |       |       |     2 |     1 ||     3
   Stab: Invisible         |       |       |       |     1 ||     1
 Armour: Robe              |    12 |     7 |    42 |     8 ||    69
         Steam dragon scal |       |       |       |    51 ||    51
  Dodge: Dodged            |    21 |     2 |    57 |    53 ||   133

Table legend: (Time is in decaauts)
 A = Elapsed time spent in this place.
 B = Non-inter-level travel time spent in this place.
 C = Inter-level travel time spent in this place.
 D = Time resting spent in this place.
 E = Time spent auto-exploring this place.
 F = Levels seen in this place.
 G = Mean time per level.
                   A        B        C        D        E       F      G
               +--------+--------+--------+--------+--------+-----+--------+
         Total |  13676 |  13214 |    462 |    378 |  11019 |  13 | 1052.0 |
       Dungeon |  12513 |  12074 |    439 |    378 |  10095 |  11 | 1137.5 |
        Temple |     30 |      8 |     22 |      0 |      0 |   1 |   30.0 |
       Ossuary |   1131 |   1131 |      0 |      0 |    924 |   1 | 1131.0 |
               +--------+--------+--------+--------+--------+-----+--------+

Top non-repeatable levels by time:
     D:3: 1561 daAuts
     D:7: 1504 daAuts
     D:1: 1432 daAuts
     D:9: 1204 daAuts
     D:6: 1178 daAuts
    D:10: 1143 daAuts
 Ossuary: 1131 daAuts
     D:4: 1101 daAuts
     D:5: 1064 daAuts
     D:2: 1053 daAuts
     D:8: 812 daAuts
    D:11: 456 daAuts
  Temple: 30 daAuts
